 Dungeon Crawl Stone Soup version 0.31.0-32-g396128a36d (webtiles) character file.

Game seed: 10507197308252036200

644 Curundu the Chopper (level 7, -13/91 HPs)
             Began as a Minotaur Berserker on Mar 14, 2024.
             Was a Priest of Trog.
             Mangled by a two-headed ogre
             ... wielding a +0 giant spiked club
              (22 damage)
             ... on level 5 of the Dungeon on Mar 15, 2024.
             The game lasted 00:10:02 (3605 turns).

Curundu the Chopper (Minotaur Berserker)            Turns: 3605, Time: 00:10:02

Health: -13/91     AC:  9    Str: 23    XL:     7   Next: 26%
Magic:  6/6        EV:  9    Int:  4    God:    Trog [***...]
Gold:   201        SH:  9    Dex: 10    Spells: 6/6 levels left

rFire   . . .        m - +0 war axe
rCold   . . .        u - +0 buckler
rNeg    . . .        c - +0 chain mail
rPois   .            (helmet restricted)
rElec   .            (no cloak)
rCorr   .            (no gloves)
SInv    .            (no boots)
Will    .....        j - amulet of reflection Stlth
                     (no ring)
HPRegen 0.35/turn    (no ring)
MPRegen 0.10/turn

%: reflection
@: berserking, very quick
A: horns 2, retaliatory headbutt
a: Renounce Religion, Berserk, Trog's Hand


You were on level 5 of the Dungeon.
You worshipped Trog.
Trog was most pleased with you.
You visited 1 branch of the dungeon, and saw 5 of its levels.

You collected 201 gold pieces.

Inventory:

Hand Weapons
 m - a +0 war axe (weapon)
Missiles
 a - 5 boomerangs (quivered)
 t - 4 javelins
Armour
 c - a +0 chain mail (worn)
 u - a +0 buckler (worn)
Jewellery
 j - an amulet of reflection (around neck)
 q - a ring of poison resistance
Wands
 r - a wand of charming (5)
 w - a wand of quicksilver (9)
 x - a wand of iceblast (8)
Scrolls
 b - 2 scrolls of vulnerability {unknown}
 d - 2 scrolls of blinking {unknown}
 h - 5 scrolls of identify {unknown}
 i - 2 scrolls of poison {unknown}
 k - 2 scrolls of teleportation {unknown}
 l - a scroll of silence {unknown}
 n - 2 scrolls of brand weapon {unknown}
 o - 2 scrolls of torment {unknown}
Potions
 e - 2 potions of curing {unknown}
 f - 2 potions of might {unknown}
 g - a potion of heal wounds {unknown}
 p - a potion of cancellation {unknown}
 s - a potion of brilliance {unknown}
 v - a potion of attraction {unknown}
 z - a potion of degeneration {unknown}


   Skills:
 * Level 5.5 Fighting
 + Level 6.9 Axes
 + Level 4.6 Armour
 * Level 3.7 Dodging
 + Level 0.3 Stealth
 * Level 2.6 Shields


You had 6 spell levels left.
You didn't know any spells.
Your spell library was empty.

Dungeon Overview and Level Annotations

Branches:
Dungeon (5/15)
 Temple: D:4-7

Altars:
Sif Muna

Shops:
D:2 *   D:3 =

Annotations:
D:5 1 runed translucent door, Fractals's ghost, novice OpBr


Innate Abilities, Weirdness & Mutations

You have a pair of horns on your head.
You reflexively headbutt those who attack you in melee.


Message History

The killer bee buzzes angrily.
You hear two shouts!
You slash the killer bee!
The killer bee is severely wounded.
You block the killer bee's attack. x2
A two-headed ogre comes into view.
It is wielding two +0 giant spiked clubs.
The killer bee closely misses you.
You closely miss the killer bee. Your headbutt misses the killer bee.
The killer bee is severely wounded.
The killer bee stings you but does no damage. x2
You miss the killer bee.
The killer bee is severely wounded.
You block the killer bee's attack. The killer bee barely misses you.
You furiously retaliate!
You headbutt the killer bee!
You kill the killer bee!
Trog accepts your kill. You block the two-headed ogre's attack.
The two-headed ogre closely misses you.
You slash the two-headed ogre! You headbutt the two-headed ogre!
The two-headed ogre is moderately wounded.
You hit the two-headed ogre but do no damage.
You headbutt the two-headed ogre.
The two-headed ogre is moderately wounded.
The two-headed ogre hits you with a +0 giant spiked club!!
You block the two-headed ogre's attack.
You slash the two-headed ogre!
The two-headed ogre is heavily wounded.
You block the two-headed ogre's attack.
The two-headed ogre hits you with a +0 giant spiked club!!
* * * LOW HITPOINT WARNING * * *
Unknown command.
A red film seems to cover your vision as you go berserk!
You feel yourself moving faster!
You feel mighty!
The two-headed ogre hits you with a +0 giant spiked club!
* * * LOW HITPOINT WARNING * * *
The two-headed ogre barely misses you.
You hit the two-headed ogre.
The two-headed ogre is severely wounded.
You closely miss the two-headed ogre.
The two-headed ogre is severely wounded.
The two-headed ogre hits you with a +0 giant spiked club!!
You die...

..# #..#
#..#...# ###
##.## ##.....# #
#..#############
#
##........:....#
#
######.#.#.##..#
######.#
#.#.#.## ##.#.##
#@#### ##O# .#
.. ###


You could see a two-headed ogre.

Vanquished Creatures
  Pargi (D:4)
  A black bear (D:5)
  A phantom (D:4)
  A killer bee (D:5)
  3 hounds
  A jelly (D:5)
  An orc priest (D:5)
  A sleepcap (D:4)
  An orc wizard (D:3)
  Robin (D:2)
  3 adders
  2 dart slugs
  8 orcs
  7 ball pythons
  3 bats
  7 endoplasms
  4 giant cockroaches
  13 goblins
  11 hobgoblins
  4 jackals (D:3)
  7 kobolds
  4 quokkas
  2 frilled lizards
  4 rats
91 creatures vanquished.

Notes
Turn   | Place    | Note
-------+----------+-------------------------------------------
     0 | D:1      | Curundu the Minotaur Berserker began the quest for the Orb.
     0 | D:1      | Reached XP level 1. HP: 19/19 MP: 0/0
    97 | D:1      | Found a faded altar of an unknown god.
   155 | D:1      | Reached skill level 4 in Axes
   155 | D:1      | Reached XP level 2. HP: 27/27 MP: 1/1
   714 | D:2      | Reached XP level 3. HP: 32/33 MP: 2/2
   885 | D:2      | Noticed Robin
   888 | D:2      | Killed Robin
   889 | D:2      | Reached ** piety under Trog
  1121 | D:2      | Reached skill level 5 in Axes
  1121 | D:2      | Reached XP level 4. HP: 41/41 MP: 3/3
  1182 | D:2      | Found a shimmering blue altar of Sif Muna.
  1367 | D:2      | Found Yrghepsae's General Store.
  2088 | D:3      | Found Kilos's Jewellery Shoppe.
  2506 | D:4      | Reached XP level 5. HP: 43/47 MP: 4/4
  2782 | D:4      | Reached skill level 1 in Shields
  2887 | D:4      | Reached skill level 6 in Axes
  2958 | D:4      | Noticed a phantom
  2966 | D:4      | Noticed Pargi
  2969 | D:4      | Killed a phantom
  2970 | D:4      | Reached skill level 5 in Fighting
  2970 | D:4      | Reached XP level 6. HP: 56/56 MP: 5/5
  2970 | D:4      | Killed Pargi
  3237 | D:5      | Entered Level 5 of the Dungeon
  3312 | D:5      | Reached *** piety under Trog
  3330 | D:5      | Reached XP level 7. HP: 20/61 MP: 6/6
  3472 | D:5      | Found a runed translucent door.
  3488 | D:5      | Noticed a shadow
  3488 | D:5      | Noticed Fractals's ghost (novice OpBr)
  3597 | D:5      | Noticed a two-headed ogre
  3605 | D:5      | Mangled by a two-headed ogre

Illustrated notes

Levels and vault maps discovered:
D:1:      matt_arrival_los_fun, layout_basic, ebering_ecumenical_altar_abandoned
D:2:      cheibrodos_helix_gallery, layout_loops_corners, serial_shops,
          nicolae_shop_tiny_real_fake_doors, basic_altar, uniq_robin
D:3:      cheibrodos_old_hovel, layout_basic, serial_shops, shop
D:4:      layout_loops_ring, uniq_pargi
D:5:      layout_rooms, ebering_ghost_inner_flame, minmay_small_thing

Skill      XL: |  1  2  3  4  5  6  7 |
---------------+----------------------+-----
Axes           | 4 5 6 |  6.9
Fighting       | 4 5 |  5.5
Armour         | 3 4 |  4.6
Dodging        | 3 |  3.7
Shields        | 1 2 |  2.6
Stealth        | |  0.3

Action                     |  1- 3 |  4- 6 |  7- 9 || total
---------------------------+-------+-------+-------++-------
  Melee: Hand axe          |    67 |    16 |       ||    83
         Headbutt          |     4 |    17 |     3 ||    24
         War axe           |       |   101 |    10 ||   111
 Invoke: Trog's Hand       |       |     3 |       ||     3
         Berserk           |       |     1 |     1 ||     2
 Armour: Animal skin       |    42 |     2 |       ||    44
         Chain mail        |       |    95 |     9 ||   104
  Dodge: Dodged            |    60 |    59 |     4 ||   123
  Block: Other             |     7 |    15 |       ||    22
         Buckler           |       |    43 |     6 ||    49
